 Dungeon Crawl Stone Soup version 0.29-a0-231-g945431f764 (webtiles) character file.

Game seed: 4377928789180099232

6034 GabrielManson the Grappler (level 10, 0/72 HPs)
             Began as an Octopode Delver on Mar 1, 2022.
             Was a Believer of Qazlal.
             Slain by a yak (9 damage)
             ... on level 9 of the Dungeon.
             The game lasted 00:44:59 (9943 turns).

GabrielManson the Grappler (Octopode Delver)        Turns: 9943, Time: 00:45:00

Health: 0/72       AC:  1    Str: 16    XL:     10   Next: 86%
Magic:  24/24      EV: 16    Int: 12    God:    Qazlal [**....]
Gold:   479        SH:  3    Dex: 14    Spells: 9/9 levels left

rFire   + . .      SeeInvis .     - Unarmed
rCold   . . .      Faith    .   (no shield)
rNeg    . . .      Spirit   .   (helmet restricted)
rPois   .          Reflect  .   r - amulet of regeneration
rElec   .          Harm     .   h - ring of magical power
rCorr   .          Rampage  .   t - ring of protection from fire
Will    .....                   (no ring)
Stlth   ++++......              (no ring)
HPRegen 1.02/turn               (no ring)
MPRegen 0.19/turn               (no ring)
                                (no ring)
                                (no ring)

@: no status effects
A: almost no armour, amphibious, 8 rings, camouflage 1, gelatinous body 1,
(nimble swimmer 1), tentacles
a: Renounce Religion, Upheaval


You were on level 9 of the Dungeon.
You worshipped Qazlal.
Qazlal was pleased with you.
You visited 2 branches of the dungeon, and saw 10 of its levels.

You collected 479 gold pieces.

Inventory:

Missiles
 C - 9 poisoned darts (quivered)
Jewellery
 c - an amulet of faith
 h - a ring of magical power (left tentacle)
 r - an amulet of regeneration (around mantle)
 t - a ring of protection from fire (right tentacle)
 B - a ring of ice
Wands
 e - a wand of digging (12)
 i - a wand of iceblast (3)
 v - a wand of flame (11)
 A - a wand of paralysis (11)
 E - a wand of mindburst (15)
Scrolls
 a - 4 scrolls of fog
 b - 2 scrolls of magic mapping
 f - a scroll of identify
 g - a scroll of vulnerability {unknown}
 l - 3 scrolls of teleportation
 n - 5 scrolls of enchant armour
 w - 2 scrolls of immolation {unknown}
 y - a scroll of brand weapon {unknown}
 z - a scroll of enchant weapon {unknown}
 F - a scroll of fear
Potions
 d - a potion of haste
 j - 2 potions of curing
 k - 2 potions of heal wounds
 m - 3 potions of flight
 o - 2 potions of lignification {unknown}
 p - 4 potions of brilliance
 q - 3 potions of ambrosia
 s - 2 potions of resistance
 u - a potion of might
 x - a potion of cancellation {unknown}
 D - 2 potions of mutation {unknown}


   Skills:
 + Level 7.9 Fighting
 - Level 5.3 Throwing
 + Level 8.0 Dodging
 + Level 7.8 Stealth
 + Level 8.1 Unarmed Combat
 - Level 7.2 Invocations


You had 9 spell levels left.
You didn't know any spells.
Your spell library contained the following spells:

 Spells                   Type           Power      Damage    Failure   Level
 Animate Skeleton         Necr           0%         N/A       32%         1
 Apportation              Tloc           0%         N/A       32%         1
 Summon Small Mammal      Summ           0%         N/A       32%         1
 Ensorcelled Hibernation  Hex/Ice        0%         N/A       45%         2
 Passwall                 Tmut/Erth      0%         N/A       45%         2
 Sublimation of Blood     Necr           0%         N/A       45%         2
 Wereblood                Tmut           0%         N/A       45%         2
 Swiftness                Air            0%         N/A       69%         3
 Summon Hydra             Summ           0%         N/A       100%        7


Dungeon Overview and Level Annotations

Branches:
Dungeon (9/15)             Temple (1/1) D:5
   Lair: D:8-11         Orc: D:9-12

Altars:
Ashenzari
Cheibriados
Dithmenos
Elyvilon
Fedhas
Gozag
Hepliaklqana
Makhleb
Nemelex Xobeh
Qazlal
Ru
Sif Muna
Trog
Uskayaw
Vehumet
Wu Jian
Yredelemnul

Shops:
D:6 ([   D:9 (


Innate Abilities, Weirdness & Mutations

You cannot wear most types of armour.
You are amphibious.
You can wear up to eight rings at the same time.
Your skin changes colour to match your surroundings (Stealth+).
Your rubbery body absorbs attacks. (AC +1, EV +1)
((You are camouflaged when in or above water. (Stealth+)))
You have tentacles for arms and can constrict up to eight enemies at once.


Message History

You are too injured to fight recklessly!
You are too injured to fight recklessly!
You are too injured to fight recklessly!
You are too injured to fight recklessly!
You are too injured to fight recklessly!
You are too injured to fight recklessly!
You are too injured to fight recklessly!
You are too injured to fight recklessly!
You are too injured to fight recklessly!
You are too injured to fight recklessly!
You are too injured to fight recklessly!
You are too injured to fight recklessly!
You are too injured to fight recklessly!
You are too injured to fight recklessly!
You are too injured to fight recklessly!
You are too injured to fight recklessly!
You are too injured to fight recklessly!
You are too injured to fight recklessly!
You are too injured to fight recklessly!
You are too injured to fight recklessly!
You tentacle-slap the yak but do no damage.
The yak is severely wounded.
The yak gores you!
You tentacle-slap the yak but do no damage.
You squeeze the yak!
The yak is almost dead.
The yak gores you!
* * * LOW HITPOINT WARNING * * *
You closely miss the yak. You squeeze the yak, but do no damage.
The yak is almost dead.
The yak gores you!
* * * LOW HITPOINT WARNING * * *
You tentacle-slap the yak.
You kill the yak!
Qazlal accepts your kill.
Your Dodging skill increases to level 8!
You bludgeon the yak!
The yak is almost dead.
The yak gores you!
You die...

..#......'...#
#.######.#......#...#
#......#.#......#...#
######.#.#......#####
#..........# #.
#..........# #.
###..........# #.
#.)..........# #.
#@##.........# ##
#Y##......####
#..+......#
#(.#......#
#..#......# ####
#(.#......#
#....#..#......#
#.......# ..........#


You could see a yak.

Vanquished Creatures
  Maggie (D:6)
  Grinder (D:4)
  Prince Ribbit (D:5)
  Eustachio (D:4)
  A wraith (D:9)
  Sigmund (D:2)
  9 yaks
  4 steam dragons
  Edmund (D:5)
  3 water moccasins
  Duvessa (D:5)
  A sky beast (D:7)
  2 ice beasts (D:7)
  2 black bears
  4 ogres
  2 centaurs
  A phantom (D:7)
  A bullfrog (D:8)
  A necrophage (D:6)
  A gnoll sergeant (D:8)
  A kobold brigand (D:8)
  2 scorpions (D:5)
  Dowan (D:5)
  9 killer bees
  A howler monkey (D:7)
  2 hounds
  2 jellies
  Crazy Yiuf (D:4)
  An orc priest (D:7)
  2 iguanas
  Jessica (D:3)
  Ijyb (D:2)
  Terence (D:3)
  Natasha (thrice) (D:2)
  An orc wizard (D:7)
  11 gnolls
  8 adders
  2 white imps
  An ufetubus (D:6)
  A worm (D:3)
  2 dart slugs (D:4)
  7 orcs
  8 bats
  4 endoplasms
  4 giant cockroaches
  10 goblins
  10 hobgoblins
  8 jackals
  12 kobolds
  6 quokkas
  9 ball pythons
  3 frilled lizards
  6 rats
180 creatures vanquished.

Vanquished Creatures (others)
  2 fungi (D:9)
2 creatures vanquished.

Grand Total: 182 creatures vanquished

Notes
Turn   | Place    | Note
-------+----------+-------------------------------------------
     0 | D:5      | GabrielManson the Octopode Delver began the quest for the
                  | Orb.
     0 | D:5      | Reached XP level 1. HP: 16/16 MP: 1/1
     1 | D:5      | Noticed a hound
     3 | D:5      | Noticed a yak
     7 | D:5      | Noticed a yak
     7 | D:5      | Noticed a yak
     9 | D:5      | Found a staircase to the Ecumenical Temple.
    23 | Temple   | Entered the Ecumenical Temple
   256 | Temple   | Became a worshipper of Qazlal Stormbringer
   272 | D:5      | Noticed a scorpion
   384 | D:4      | Noticed Eustachio
   631 | D:2      | Found a faded altar of an unknown god.
   638 | D:2      | Reached XP level 2. HP: 16/21 MP: 2/2
   956 | D:2      | Noticed Natasha
   962 | D:2      | Killed Natasha
   963 | D:2      | Reached XP level 3. HP: 21/26 MP: 3/3
  1017 | D:2      | Noticed Ijyb
  1035 | D:2      | Reached XP level 4. HP: 27/32 MP: 4/4
  1043 | D:2      | Killed Ijyb
  1054 | D:2      | Noticed Natasha
  1063 | D:2      | Killed Natasha
  1455 | D:1      | Reached * piety under Qazlal
  1473 | D:1      | Reached XP level 5. HP: 28/37 MP: 5/5
  2657 | D:2      | Noticed Natasha
  2670 | D:2      | Killed Natasha
  3269 | D:2      | Noticed Sigmund
  3294 | D:2      | Killed Sigmund
  3295 | D:2      | Reached XP level 6. HP: 2/45 MP: 6/6
  3677 | D:2      | Reached ** piety under Qazlal
  4282 | D:3      | Noticed Terence
  4296 | D:3      | Killed Terence
  4549 | D:3      | Noticed Jessica
  4552 | D:3      | Killed Jessica
  4553 | D:3      | Reached skill level 5 in Fighting
  4553 | D:3      | Reached XP level 7. HP: 50/50 MP: 7/7
  5010 | D:4      | Killed Eustachio
  5011 | D:4      | Reached skill level 5 in Unarmed Combat
  5074 | D:4      | Noticed Grinder
  5084 | D:4      | Killed Grinder
  5085 | D:4      | Reached skill level 5 in Dodging
  5085 | D:4      | Reached XP level 8. HP: 55/55 MP: 10/10
  5390 | D:4      | Found a runed translucent door.
  5391 | D:4      | Noticed Crazy Yiuf
  5530 | D:4      | Killed Crazy Yiuf
  5604 | D:5      | Found a white marble altar of Elyvilon.
  5624 | D:5      | Noticed Duvessa
  5627 | D:5      | Noticed Dowan
  5629 | D:5      | Killed Duvessa
  5638 | D:5      | Killed Dowan
  5741 | D:5      | Reached skill level 5 in Invocations
  5794 | D:5      | Noticed Edmund
  5806 | D:5      | Killed Edmund
  5841 | D:5      | Noticed Prince Ribbit
  5896 | D:5      | Killed Prince Ribbit
  5897 | D:5      | Reached XP level 9. HP: 12/62 MP: 13/13
  7020 | D:6      | Found Vybetob's Armour Shop.
  7098 | D:6      | Found Keaffeet's Weapon Emporium.
  7123 | D:6      | Noticed Maggie
  7125 | D:6      | Paralysed by Maggie for 4 turns
  7137 | D:6      | Killed Maggie
  7138 | D:6      | Reached XP level 10. HP: 46/71 MP: 15/15
  8174 | D:7      | Found a hazy altar of Hepliaklqana.
  8288 | D:7      | Found a sparkling altar of Nemelex Xobeh.
  8336 | D:7      | Reached skill level 1 in Throwing
  9273 | D:8      | Reached skill level 5 in Throwing
  9761 | D:9      | Found Juiss's Antique Weapon Shop.
  9943 | D:9      | Slain by a yak

Illustrated notes

Levels and vault maps discovered:
D:1:      dpeg_arrival_snail, layout_loops_ring, minmay_misc_feat_diagonals
D:2:      kennysheep_the_goblin_king, layout_basic,
          nicolae_ecumenical_oubliette, uniq_natasha, uniq_sigmund
D:3:      layout_basic, uniq_terence, uniq_jessica, uniq_ijyb
D:4:      layout_basic, uniq_crazy_yiuf_cottage, uniq_grinder, uniq_eustachio
D:5:      nicolae_cairo_tiling, layout_basic, elyvilon_altar_1,
          minmay_temple_entry_butterflies, minmay_increasing_density,
          uniq_edmund, uniq_duvessa, uniq_prince_ribbit1
D:6:      layout_basic, serial_shops, shop, kennysheep_little_box, uniq_maggie
D:7:      layout_gridville, overflow_temple_1_default,
          mainiacjoe_overflow_six_doors_small
D:8:      layout_loops_cross
D:9:      layout_basic, mainiacjoe_overflow_boulevard, serial_glass,
          glass_columns_c, glass_columns_b, gammafunk_ghost_cemetery,
          serial_shops, nicolae_square_shop
Temple:   zaba_magenta_temple

Skill      XL: |  1  2  3  4  5  6  7  8  9 10 |
---------------+-------------------------------+-----
Dodging        | 3 4 5 6 7 8 |  8.0
Unarmed Combat | 3 4 5 6 7 8 |  8.1
Fighting       | 4 5 6 7 |  7.9
Invocations    | 3 5 7 |  7.2
Stealth        | 7 |  7.8
Throwing       | 5 |  5.3

Action                   |  1- 3 |  4- 6 |  7- 9 | 10-12 || total
-------------------------+-------+-------+-------+-------++-------
Melee: Unarmed           |    50 |   153 |   194 |   190 ||   587
       Constrict         |    12 |    35 |    35 |    23 ||   105
       Tentacles         |     9 |    40 |    60 |    53 ||   162
       Punch             |     1 |     1 |    13 |    10 ||    25
Throw: Dart              |       |       |       |     3 ||     3
Invok: Upheaval          |       |       |    10 |     1 ||    11
Evoke: Wand              |       |     1 |     6 |    12 ||    19
  Use: Scroll            |       |     2 |     2 |     6 ||    10
       Potion            |       |       |     1 |     4 ||     5
 Stab: Sleeping          |     5 |     3 |       |       ||     8
Armor: Skin              |     6 |    10 |     6 |     3 ||    25
Dodge: Dodged            |    29 |    85 |   102 |   130 ||   346
Block: Other             |       |     7 |    12 |    18 ||    37

Table legend: (Time is in decaauts)
 A = Elapsed time spent in this place.
 B = Non-inter-level travel time spent in this place.
 C = Inter-level travel time spent in this place.
 D = Time resting spent in this place.
 E = Time spent auto-exploring this place.
 F = Levels seen in this place.
 G = Mean time per level.
                   A        B        C        D        E       F      G
               +--------+--------+--------+--------+--------+-----+--------+
         Total |   9908 |   9443 |    465 |   1413 |   5890 |  10 |  990.8 |
       Dungeon |   9662 |   9197 |    465 |   1413 |   5775 |   9 | 1073.6 |
        Temple |    246 |    246 |      0 |      0 |    115 |   1 |  246.0 |
               +--------+--------+--------+--------+--------+-----+--------+

Top non-repeatable levels by time:
     D:2: 2236 daAuts
     D:5: 1262 daAuts
     D:3: 1218 daAuts
     D:1: 1216 daAuts
     D:4: 1060 daAuts
     D:6: 882 daAuts
     D:8: 754 daAuts
     D:7: 652 daAuts
     D:9: 378 daAuts
  Temple: 246 daAuts
